PAA
CASPER GHOSTS @ CHESAPEAKE CONTINENTALS
08/15/2024
 
TOP OF THE 1ST
Casper Ghosts batting - Pitching for Chesapeake Continentals : RHP Pedro Silva
Pitching: RHP Pedro Silva
Batting: RHB Henry Appleby 0-0: Ball
1-0: Called Strike
1-1: Ball
2-1: Fly out, F9 (Flyball, 9D)
Batting: RHB Warner Robinson 0-0: Ball
1-0: Ball
2-0: Swinging Strike
2-1: Ball
3-1: Base on Balls
Batting: LHB Kyle Mann 0-0: Ball
1-0: Ground out 4-3 (Groundball, 4M)
Warner Robinson to second
Batting: RHB Félix Ramos 0-0: Fly out, F9 (Line Drive, 9LM)
Top of the 1st over - 0 run(s), 0 hit(s), 0 error(s), 1 left on base; Casper 0 - Chesapeake 0
BOTTOM OF THE 1ST
Chesapeake Continentals batting - Pitching for Casper Ghosts : RHP Jim Unknown
Pitching: RHP Jim Unknown
Batting: SHB Dominique Prost 0-0: Ball
1-0: Swinging Strike
1-1: Foul Ball, location: 2F
1-2: Ball
2-2: Foul Ball, location: 2F
2-2: Foul Ball, location: 2F
2-2: Strikes out looking
Batting: RHB Miguel Cruz 0-0: Ball
1-0: Ball
2-0: Ball
3-0: Base on Balls
Batting: RHB Mike Peterson 0-0: Called Strike
0-1: Fly out, F8 (Flyball, 8LXD)
Batting: RHB Mike Greene 0-0: Called Strike
0-1: SINGLE (Flyball, 89S)
Miguel Cruz to second
Runner from 2nd tries for 3rd, SAFE, no throw or cutoff
Batting: SHB Thomas Sherman 0-0: Fielders Choice at 2nd, U6 (Groundball, 6M)
Bottom of the 1st over - 0 run(s), 1 hit(s), 0 error(s), 2 left on base; Casper 0 - Chesapeake 0
TOP OF THE 2ND
Casper Ghosts batting - Pitching for Chesapeake Continentals : RHP Pedro Silva
Batting: SHB José Juárez 0-0: Ball
1-0: Ball
2-0: Called Strike
2-1: Swinging Strike
2-2: Foul Ball, location: 2F
2-2: Foul Ball, location: 2F
2-2: Ball
3-2: Base on Balls
Batting: RHB Jim Unknown 0-0: Ball
1-0: Called Strike
1-1: Foul Ball, location: 2F
1-2: Ball
2-2: Strikes out swinging
Batting: RHB Dave Young 0-0: Foul Ball, location: 2F
0-1: Foul Ball, location: 2F
0-2: Ball
1-2: Ground out U3 (Groundball, 3S)
José Juárez to second
Batting: SHB Alonso Rodríguez 0-0: Called Strike
0-1: Ball
1-1: Foul Ball, location: 2F
1-2: Strikes out swinging
Top of the 2nd over - 0 run(s), 0 hit(s), 0 error(s), 1 left on base; Casper 0 - Chesapeake 0
BOTTOM OF THE 2ND
Chesapeake Continentals batting - Pitching for Casper Ghosts : RHP Jim Unknown
Batting: RHB Jorge Rodríguez 0-0: Ball
1-0: Foul Ball, location: 2F
1-1: SOLO HOME RUN (Flyball, 7LD), Distance : 370 ft
Batting: RHB Gabriel Guerrero 0-0: Ball
1-0: Foul Ball, location: 2F
1-1: Reached on Error, E8 (Flyball, 8LD)
Batting: RHB Gil Nichols 0-0: Called Strike
0-1: Called Strike
0-2: SINGLE (Groundball, 6D)
Gabriel Guerrero to third
Runner from 3rd tries for Home, SAFE, no throw or cutoff
Batting: RHB Rudko Hrnjak 0-0: Ball
1-0: Fly out, F8 (Flyball, 8LM)
Batting: SHB Dominique Prost 0-0: Ball
1-0: Ball
Gil Nichols steals 2nd base
2-0: Ball
3-0: Called Strike
3-1: Foul Ball, location: 2F
3-2: Foul Ball, location: 2F
3-2: Foul Ball, location: 2F
3-2: Hit by Pitch
Batting: RHB Miguel Cruz 0-0: Called Strike
0-1: Fly out, F2 (Popup, 23F)
Batting: RHB Mike Peterson 0-0: Fly out, F3 (Popup, 3)
Bottom of the 2nd over - 2 run(s), 2 hit(s), 1 error(s), 2 left on base; Casper 0 - Chesapeake 2
TOP OF THE 3RD
Casper Ghosts batting - Pitching for Chesapeake Continentals : RHP Pedro Silva
Batting: RHB Ron Coffman 0-0: SINGLE (Groundball, 34D)
Batting: RHB Henry Appleby 0-0: Ball
1-0: Ball
2-0: Called Strike
2-1: Ball
3-1: Swinging Strike
3-2: Foul Ball, location: 2F
3-2: Strikes out swinging
Batting: RHB Warner Robinson 0-0: Ball
1-0: Ball
2-0: Called Strike
2-1: Swinging Strike
2-2: Foul Ball, location: 2F
2-2: Ball
3-2: Fly out, F2 (Popup, 2RF)
Batting: LHB Kyle Mann 0-0: Called Strike
0-1: Ball
1-1: Ball
2-1: Fly out, F7 (Flyball, 7D)
Top of the 3rd over - 0 run(s), 1 hit(s), 0 error(s), 1 left on base; Casper 0 - Chesapeake 2
BOTTOM OF THE 3RD
Chesapeake Continentals batting - Pitching for Casper Ghosts : RHP Jim Unknown
Batting: RHB Mike Greene 0-0: Called Strike
0-1: Foul Ball, location: 2F
0-2: Ball
1-2: SINGLE (Line Drive, 6D)
Batting: SHB Thomas Sherman 0-0: Ball
1-0: Foul Ball, location: 2F
1-1: Ball
2-1: Called Strike
2-2: Ball
3-2: SINGLE (Flyball, 8LS)
Mike Greene to second
Runner from 2nd tries for 3rd, SAFE, throw made to third
Batting: RHB Jorge Rodríguez 0-0: Ball
1-0: Called Strike
1-1: Foul Ball, location: 2F
1-2: Foul Ball, location: 2F
1-2: Fly out, F8 (Flyball, 8LS)
Batting: RHB Gabriel Guerrero 0-0: Foul Ball, location: 2F
0-1: Ball
1-1: Ball
2-1: Foul Ball, location: 2F
2-2: Foul Ball, location: 2F
2-2: Ball
3-2: Fielders Choice at 2nd, 6-4 (Groundball, 56)
Mike Greene scores
Batting: RHB Gil Nichols 0-0: Ball
Gabriel Guerrero is caught stealing 2nd base
Bottom of the 3rd over - 1 run(s), 2 hit(s), 0 error(s), 0 left on base; Casper 0 - Chesapeake 3
TOP OF THE 4TH
Casper Ghosts batting - Pitching for Chesapeake Continentals : RHP Pedro Silva
Batting: RHB Félix Ramos 0-0: Ball
1-0: Called Strike
1-1: SINGLE (Line Drive, 56)
Batting: SHB José Juárez 0-0: Foul Ball, location: 2F
0-1: SINGLE (Groundball, 5D)
Félix Ramos to second
Batting: RHB Jim Unknown 0-0: Ball
1-0: Foul Ball, location: 2F
1-1: SINGLE (Groundball, 5L)
Félix Ramos to third
José Juárez to second
Runner from 3rd tries for Home, throw and OUT!
José Juárez to third
Jim Unknown to second
Batting: RHB Dave Young 0-0: Ball
1-0: Called Strike
1-1: Ground out 6-3 (Groundball, 6M)
José Juárez scores
Jim Unknown to third
Batting: SHB Alonso Rodríguez 0-0: Ball
1-0: Ball
2-0: Called Strike
2-1: Swinging Strike
2-2: Fly out, F9 (Popup, 89S)
Top of the 4th over - 1 run(s), 3 hit(s), 0 error(s), 1 left on base; Casper 1 - Chesapeake 3
BOTTOM OF THE 4TH
Chesapeake Continentals batting - Pitching for Casper Ghosts : RHP Jim Unknown
Batting: RHB Gil Nichols 0-0: Ball
1-0: Called Strike
1-1: Ball
2-1: Ground out 5-3 (Groundball, 5)
Batting: RHB Rudko Hrnjak 0-0: Ground out 6-3 (Groundball, 6)
Batting: SHB Dominique Prost 0-0: Ball
1-0: Foul Ball, location: 2F
1-1: Fly out, F4 (Line Drive, 4)
Bottom of the 4th over - 0 run(s), 0 hit(s), 0 error(s), 0 left on base; Casper 1 - Chesapeake 3
TOP OF THE 5TH
Casper Ghosts batting - Pitching for Chesapeake Continentals : RHP Pedro Silva
Batting: RHB Ron Coffman 0-0: Called Strike
0-1: Ball
1-1: Foul Ball, location: 2F
1-2: SINGLE (Line Drive, 78M)
Batting: RHB Henry Appleby 0-0: Bunt missed!
0-1: Bunted foul
0-2: Ball
1-2: SINGLE (Groundball, 56D)
Ron Coffman to second
Batting: RHB Warner Robinson 0-0: Ball
1-0: Sac Bunt - play at first, batter OUT! 1-4
Ron Coffman to third
Henry Appleby to second
Batting: LHB Kyle Mann 0-0: SINGLE (Line Drive, 56D)
Ron Coffman scores
Henry Appleby to third
Batting: RHB Félix Ramos 0-0: Called Strike
0-1: Ball
1-1: Ball
2-1: Ball
Kyle Mann steals 2nd base
3-1: SINGLE (Flyball, 7LS)
Henry Appleby scores
Kyle Mann to third
Runner from 3rd tries for Home, SAFE, no throw or cutoff
Batting: SHB José Juárez 0-0: Ball
Félix Ramos steals 2nd base
1-0: Fly out, F6 (Popup, 6MS)
Batting: RHB Jim Unknown 0-0: Swinging Strike
0-1: Ball
1-1: Ball
2-1: Foul Ball, location: 2F
2-2: Ball
3-2: Foul Ball, location: 2F
3-2: SINGLE (Groundball, 6MD)
Félix Ramos to third
Félix Ramos scores
Batting: RHB Dave Young 0-0: Fielders Choice at 2nd, 6-4 (Groundball, 6)
Top of the 5th over - 4 run(s), 5 hit(s), 0 error(s), 0 left on base; Casper 5 - Chesapeake 3
BOTTOM OF THE 5TH
Chesapeake Continentals batting - Pitching for Casper Ghosts : RHP Jim Unknown
Batting: RHB Miguel Cruz 0-0: Ball
1-0: Ground out 6-3 (Groundball, 6)
Batting: RHB Mike Peterson 0-0: Ball
1-0: Ground out 5-3 (Groundball, 5)
Batting: RHB Mike Greene 0-0: Ground out 1-3 (Groundball, 15)
Bottom of the 5th over - 0 run(s), 0 hit(s), 0 error(s), 0 left on base; Casper 5 - Chesapeake 3
TOP OF THE 6TH
Casper Ghosts batting - Pitching for Chesapeake Continentals : RHP Pedro Silva
Batting: SHB Alonso Rodríguez 0-0: Foul Ball, location: 2F
0-1: Swinging Strike
0-2: Ball
1-2: Ground out 4-3 (Groundball, 4)
Batting: RHB Ron Coffman 0-0: Swinging Strike
0-1: Called Strike
0-2: Ball
1-2: Foul Ball, location: 2F
1-2: Ball
2-2: Foul Ball, location: 2F
2-2: Ground out 1-3 (Groundball, 15)
Batting: RHB Henry Appleby 0-0: SOLO HOME RUN (Line Drive, 78XD), Distance : 424 ft
Pitching: RHP Gilberto Soto
Batting: RHB Warner Robinson 0-0: Ball
1-0: Foul Ball, location: 2F
1-1: Foul Ball, location: 2F
1-2: Fly out, F9 (Flyball, 89M)
Top of the 6th over - 1 run(s), 1 hit(s), 0 error(s), 0 left on base; Casper 6 - Chesapeake 3
BOTTOM OF THE 6TH
Chesapeake Continentals batting - Pitching for Casper Ghosts : RHP Jim Unknown
Batting: SHB Thomas Sherman 0-0: Ball
1-0: Called Strike
1-1: Called Strike
1-2: Foul Ball, location: 2F
1-2: Ball
2-2: Ball
3-2: Foul Ball, location: 2F
3-2: Base on Balls
Batting: RHB Jorge Rodríguez 0-0: Ball
1-0: Swinging Strike
1-1: Ball
2-1: DOUBLE (Flyball, 89D)
Thomas Sherman to third
Batting: RHB Gabriel Guerrero 0-0: Ball
1-0: Foul Ball, location: 2F
1-1: Ball
2-1: Foul Ball, location: 2F
2-2: Ball
3-2: Base on Balls
Batting: RHB Gil Nichols 0-0: Foul Ball, location: 2F
0-1: DOUBLE (Flyball, 7D)
Thomas Sherman scores
Jorge Rodríguez scores
Gabriel Guerrero to third
Batting: RHB Rudko Hrnjak 0-0: Ball
1-0: Foul Ball, location: 2F
1-1: SINGLE (Line Drive, 89S)
Gabriel Guerrero scores
Gil Nichols to third
Runner from 3rd tries for Home, SAFE, no throw or cutoff
Pitching: RHP Ethan Martin
Batting: SHB Dominique Prost 0-0: SINGLE (Line Drive, 4MD)
Rudko Hrnjak to second
Batting: RHB Miguel Cruz 0-0: Sac Bunt - play at first, batter OUT! 1-4
Rudko Hrnjak to third
Dominique Prost to second
Batting: RHB Mike Peterson 0-0: Foul Ball, location: 2F
0-1: Ball
Wild Pitch!
Rudko Hrnjak scores
Dominique Prost to third
1-1: Ball
2-1: Ball
3-1: Base on Balls
Batting: RHB Mike Greene 0-0: Ball
1-0: Called Strike
1-1: Foul Ball, location: 2F
1-2: Ground out 5-3 (Groundball, 56S)
Dominique Prost scores
Mike Peterson to second
Batting: SHB Thomas Sherman 0-0: Ball
1-0: Called Strike
1-1: Foul Ball, location: 2F
1-2: Ball
2-2: Ball
3-2: SINGLE (Groundball, 4M)
Mike Peterson to third
Mike Peterson scores
Batting: RHB Jorge Rodríguez 0-0: Called Strike
0-1: Ground out 1-3 (Groundball, 13S)
Bottom of the 6th over - 7 run(s), 5 hit(s), 0 error(s), 1 left on base; Casper 6 - Chesapeake 10
TOP OF THE 7TH
Casper Ghosts batting - Pitching for Chesapeake Continentals : RHP Gilberto Soto
Batting: LHB Kyle Mann 0-0: Ball
1-0: Ground out 4-3 (Groundball, 4)
Batting: RHB Félix Ramos 0-0: Ball
1-0: Ball
2-0: Called Strike
2-1: DOUBLE (Flyball, 8RM)
Batting: SHB José Juárez 0-0: Ground out 4-3 (Groundball, 4)
Félix Ramos to third
Batting: RHB Jim Unknown 0-0: Ball
1-0: Called Strike
1-1: Ball
2-1: Foul Ball, location: 2F
2-2: Ball
3-2: Base on Balls
Batting: RHB Dave Young 0-0: Swinging Strike
0-1: Foul Ball, location: 2F
0-2: Fly out, F3 (Popup, 3F)
Top of the 7th over - 0 run(s), 1 hit(s), 0 error(s), 2 left on base; Casper 6 - Chesapeake 10
BOTTOM OF THE 7TH
Chesapeake Continentals batting - Pitching for Casper Ghosts : RHP Ethan Martin
Batting: RHB Gabriel Guerrero 0-0: Swinging Strike
0-1: Ball
1-1: Ball
2-1: Ball
3-1: Base on Balls
Batting: RHB Gil Nichols 0-0: Bunted foul
0-1: Bunted foul
0-2: Fly out, F9 (Line Drive, 89M)
Batting: RHB Rudko Hrnjak 0-0: Ball
1-0: Ball
2-0: Called Strike
2-1: Called Strike
2-2: TRIPLE (Line Drive, 89M)
Gabriel Guerrero scores
Pitching: RHP Tadayoshi Tanaka
Batting: SHB Dominique Prost 0-0: Foul Ball, location: 2F
0-1: Called Strike
0-2: Ball
1-2: Strikes out looking
Batting: RHB Miguel Cruz 0-0: Ball
1-0: Ball
2-0: Ball
3-0: Base on Balls
Batting: RHB Mike Peterson 0-0: Called Strike
0-1: Ball
1-1: Foul Ball, location: 2F
1-2: Ball
2-2: Foul Ball, location: 2F
2-2: Ball
3-2: Fly out, F9 (Flyball, 9S)
Bottom of the 7th over - 1 run(s), 1 hit(s), 0 error(s), 2 left on base; Casper 6 - Chesapeake 11
TOP OF THE 8TH
Casper Ghosts batting - Pitching for Chesapeake Continentals : RHP Gilberto Soto
Now at C: Stephen Crouch
Now at 1B: John Robertson
Batting: SHB Alonso Rodríguez 0-0: Called Strike
0-1: Ball
1-1: Called Strike
1-2: Strikes out looking
Batting: RHB Ron Coffman 0-0: Called Strike
0-1: Foul Ball, location: 2F
0-2: Ball
1-2: Ball
2-2: Ball
3-2: Fly out, F8 (Flyball, 8RM)
Batting: RHB Henry Appleby 0-0: Ball
1-0: Ball
2-0: Called Strike
2-1: Foul Ball, location: 2F
2-2: Foul Ball, location: 2F
2-2: Strikes out swinging
Top of the 8th over - 0 run(s), 0 hit(s), 0 error(s), 0 left on base; Casper 6 - Chesapeake 11
BOTTOM OF THE 8TH
Chesapeake Continentals batting - Pitching for Casper Ghosts : RHP Tadayoshi Tanaka
Batting: RHB Mike Greene 0-0: Ball
1-0: Ball
2-0: Called Strike
2-1: Ball
3-1: SINGLE (Flyball, 6MD)
Batting: SHB Thomas Sherman 0-0: Fielders Choice at 2nd, 5-4 (Groundball, 5L)
Batting: RHB Jorge Rodríguez 0-0: Ball
1-0: Ball
2-0: Ball
3-0: Base on Balls
Thomas Sherman to second
Batting: RHB Gabriel Guerrero 0-0: Ball
1-0: Swinging Strike
1-1: Fly out, F8 (Flyball, 8RM)
Batting: RHB Gil Nichols 0-0: Ball
1-0: Foul Ball, location: 2F
1-1: Foul Ball, location: 2F
1-2: Foul Ball, location: 2F
1-2: Foul Ball, location: 2F
1-2: Ball
2-2: Ball
3-2: Foul Ball, location: 2F
3-2: Foul Ball, location: 2F
3-2: Foul Ball, location: 2F
3-2: SINGLE (Flyball, 9LS)
Thomas Sherman to third
Jorge Rodríguez to second
Thomas Sherman scores
Jorge Rodríguez to third
Batting: RHB Rudko Hrnjak 0-0: SINGLE (Groundball, 56) (infield hit)
Jorge Rodríguez scores
Gil Nichols to second
Batting: RHB Stephen Crouch 0-0: SINGLE (Groundball, 6D)
Gil Nichols to third
Rudko Hrnjak to second
Runner from 3rd tries for Home, SAFE, no throw or cutoff
Batting: RHB Miguel Cruz 0-0: Ball
1-0: Ball
2-0: Ground out 5-3 (Groundball, 56S)
Bottom of the 8th over - 3 run(s), 4 hit(s), 0 error(s), 2 left on base; Casper 6 - Chesapeake 14
TOP OF THE 9TH
Casper Ghosts batting - Pitching for Chesapeake Continentals : RHP Gilberto Soto
Now at 3B: Héctor Hernández
Now in RF: Eduardo Torres
Batting: RHB Warner Robinson 0-0: Foul Ball, location: 2F
0-1: Ball
1-1: Foul Ball, location: 2F
1-2: Ball
2-2: Foul Ball, location: 2F
2-2: Ball
3-2: Ground out 5-3 (Groundball, 5S)
Batting: LHB Kyle Mann 0-0: Ground out 5-3 (Groundball, 5S)
Batting: RHB Félix Ramos 0-0: Swinging Strike
0-1: Called Strike
0-2: Ball
1-2: Foul Ball, location: 2F
1-2: Strikes out swinging
Top of the 9th over - 0 run(s), 0 hit(s), 0 error(s), 0 left on base; Casper 6 - Chesapeake 14
This league is powered by Out of the Park Baseball, the baseball management simulation game for PC, Mac and Linux
Monday, October 3rd, 2016 - OOTP Baseball 16.9 Build 39